 Dungeon Crawl Stone Soup version 0.30-a0-772-g5528072125 (webtiles) character file.

Game seed: 3289543302054200856

3249 kingofthe the Sneak (level 9, -20/51 HPs)
             Began as an Octopode Fire Elementalist on Feb 13, 2023.
             Was a Believer of Sif Muna.
             Demolished by a sun demon (26 damage)
             ... summoned by an orc high priest
             ... in a bailey.
             The game lasted 00:32:58 (9331 turns).

kingofthe the Sneak (Octopode Fire Elementalist)    Turns: 9331, Time: 00:32:59

Health: -20/51     AC:  1    Str:  7    XL:     9   Next: 99%
Magic:  22/25      EV: 19    Int: 15    God:    Sif Muna [**....]
Gold:   412        SH:  5    Dex: 26    Spells: 9/17 levels left

rFire   . . .      SeeInvis +    a - staff of conjuration
rCold   . . .      Faith    .    (no shield)
rNeg    . . .      Spirit   .    (helmet restricted)
rPois   +          Reflect  +    s - amulet of reflection
rElec   .          Harm     .    g - ring of magical power
rCorr   .          Rampage  .    B - ring of Qyung {rPois Will- Int-2 Dex+9 SInv}
Will    .....                    (no ring)
Stlth   ++++++                   (no ring)
HPRegen 0.28/turn                (no ring)
MPRegen 0.19/turn                (no ring)
                                 (no ring)
                                 (no ring)

@: no status effects
A: almost no armour, amphibious, 8 rings, camouflage 1, gelatinous body 1,
nimble swimmer 1, tentacles
a: Renounce Religion, Channel Magic


You were in a bailey.
You worshipped Sif Muna.
Sif Muna was pleased with you.
You visited 2 branches of the dungeon, and saw 8 of its levels.
You also visited: Bailey.

You collected 412 gold pieces.

Inventory:

Hand Weapons
 b - a +1 dagger of protection
 z - a +2 dagger of freezing
Missiles
 y - a throwing net
Magical Staves
 a - a staff of conjuration (weapon)
 D - a staff of death
Jewellery
 g - a ring of magical power (left tentacle)
 s - an amulet of reflection (around mantle)
 B - the ring of Qyung (right tentacle) {rPois Will- Int-2 Dex+9 SInv}
   (You found it on level 6 of the Dungeon)

   [ring of poison resistance]

   Int:       It affects your intelligence (-2).
   Dex:       It affects your dexterity (+9).
   rPois:     It protects you from poison.
   SInv:      It lets you see invisible.
   Will:      It decreases your willpower.
Wands
 r - a wand of mindburst (8)
Scrolls
 d - a scroll of poison {unknown}
 e - 4 scrolls of enchant weapon
 f - 2 scrolls of amnesia {unknown}
 h - 8 scrolls of identify {unknown}
 i - a scroll of magic mapping {unknown}
 n - 3 scrolls of vulnerability {unknown}
 o - 5 scrolls of teleportation
 t - 3 scrolls of immolation {unknown}
 v - a scroll of enchant armour {unknown}
 x - a scroll of torment {unknown}
 C - a scroll of acquirement
Potions
 c - 3 potions of brilliance {unknown}
 j - 2 potions of flight {unknown}
 k - a potion of cancellation {unknown}
 l - 6 potions of curing {unknown}
 m - 3 potions of heal wounds {unknown}
 p - a potion of degeneration {unknown}
 q - a potion of haste {unknown}
 u - a potion of mutation {unknown}
 w - a potion of attraction {unknown}
 A - 2 potions of lignification {unknown}
 E - a potion of magic


   Skills:
 * Level 6.9 Dodging
 + Level 7.2 Stealth
 + Level 4.9 Spellcasting
 + Level 4.6 Conjurations
 * Level 4.3 Hexes
 + Level 5.6 Fire Magic
 + Level 5.2 Air Magic


You had 9 spell levels left.
You knew the following spells:

 Your Spells              Type           Power      Damage    Failure   Level
a - Foxfire               Conj/Fire      100%       2x1d9     1%          1
b - Scorch                Fire           40%        2d7       2%          2
c - Shock                 Conj/Air       100%       1d9       2%          1
d - Slow                  Hex            64%        N/A       2%          1
r - Swiftness             Air            19%        N/A       5%          3

Your spell library contained the following spells:

 Spells                   Type           Power      Damage    Failure   Level
 Inner Flame              Hex/Fire       18%        N/A       6%          3
 Dazzling Flash           Conj/Hex       50%        N/A       8%          3
 Confusing Touch          Hex            16%        N/A       9%          3
 Kindle Blastsparks       Fire/Tloc/Air  28%        2d12      11%         3
 Airstrike                Air            9%         2d(2-18)  19%         4
 Flame Wave               Conj/Fire      28%        2d9       21%         4
 Vampiric Draining        Necr           3%         2d6       45%         3
 Iskenderun's Mystic Bla  Conj/Tloc      16%        2d5       54%         4
 Summon Mana Viper        Hex/Summ       10%        N/A       88%         5
 Starburst                Conj/Fire      14%        6d6       97%         6
 Summon Forest            Summ/Tloc      1%         N/A       99%         5
 Summon Cactus Giant      Summ           1%         N/A       100%        6


Dungeon Overview and Level Annotations

Branches:
Dungeon (7/15)             Temple (1/1) D:4          Bailey (1/1)

Altars:
Ashenzari
Cheibriados
Dithmenos
Elyvilon
Fedhas
Gozag
Hepliaklqana
Kikubaaqudgha
Makhleb
Nemelex Xobeh
Okawaru
Qazlal
Ru
Sif Muna
Trog
Uskayaw
Vehumet
Wu Jian
Xom
Yredelemnul
Zin
The Shining One

Annotations:
D:4 2 transporters


Innate Abilities, Weirdness & Mutations

You cannot wear most types of armour.
You are amphibious.
You can wear up to eight rings at the same time.
Your skin changes colour to match your surroundings (Stealth+).
Your rubbery body absorbs attacks. (AC +1, EV +1)
You are camouflaged when in or above water. (Stealth+)
You have tentacles for arms and can constrict up to eight enemies at once.


Message History

The foxfire hits the orc warrior!
The orc warrior is heavily wounded.
Casting: Foxfire (safe; 1% risk of failure)
Confirm with . or Enter, or press ? or * to list all spells.
You feel a surge of power!
You conjure some foxfire!
The foxfire hits the orc warrior.
The orc warrior is heavily wounded.
The foxfire hits the orc warrior.
The orc warrior is severely wounded.
There is a gate leading back out of this place here.
Things that are here:
a +0 war axe; a +0 scale mail You enter the shallow water.
The orc high priest utters an invocation to Beogh.
Casting: Foxfire (safe; 1% risk of failure)
Confirm with . or Enter, or press ? or * to list all spells.
You feel a surge of power!
You conjure some foxfire!
Casting: Foxfire (safe; 1% risk of failure)
Confirm with . or Enter, or press ? or * to list all spells.
You feel a surge of power!
You conjure some foxfire!
Your foxfire dissipates!
Casting: Foxfire (safe; 1% risk of failure)
Confirm with . or Enter, or press ? or * to list all spells.
You feel a surge of power!
You conjure some foxfire!
Your foxfire dissipates!
The foxfire hits the sun demon but does no damage.
Casting: Foxfire (safe; 1% risk of failure)
Confirm with . or Enter, or press ? or * to list all spells.
You feel a surge of power!
You conjure some foxfire!
The foxfire hits the sun demon but does no damage. x2
The foxfire hits the sun demon.
The sun demon completely resists.
The foxfire hits the sun demon.
The sun demon completely resists.
The sun demon attacks as you move away! The sun demon hits you.
You are engulfed in flames!
The sun demon attacks as you move away! The sun demon hits you!
You are engulfed in flames!
* * * LOW HITPOINT WARNING * * *
The sun demon attacks as you move away! The sun demon hits you!!
Ouch! That really hurt!
You die...

#≈≈≈≈≈≈≈≈~.##'# .)o
#≈≈≈≈≈≈≈≈~.#..# ##)##
#≈≈≈≈≈≈≈≈~.#..# #...#
#≈≈≈≈≈≈≈≈~.#..# #.o.#
#≈≈≈≈≈≈≈≈~.#..# #8.8#
#≈≈≈≈≈≈≈≈~.#..# #..o#
#≈≈≈≈≈≈≈≈#'#'##+###8.8##
#≈≈≈≈≈≈≈≈#....#!!.#...#.
#≈≈≈≈≈≈@≈#....#??.#v..#.
#≈≈≈≈≈≈3≈###..######.###
#≈≈≈≈≈≈≈≈#.'........∩.).
#≈≈≈≈≈≈≈≈######o~~~~~~)~
#≈≈≈≈≈≈≈≈≈≈≈≈≈≈≈≈≈≈≈≈≈≈≈
#≈≈≈≈≈≈≈≈≈≈≈≈≈≈≈≈≈≈≈≈≈≈≈
#≈≈≈≈≈≈≈≈≈≈≈≈≈≈≈≈≈≈≈≈≈≈≈
#≈≈≈≈≈≈≈≈≈≈≈≈≈≈≈≈≈≈≈≈≈≈≈
#≈≈≈≈≈≈≈≈≈≈≈≈≈≈≈≈≈≈≈≈≈≈≈


You could see a sun demon (summoned).

Vanquished Creatures
  An orc knight (Bailey)
  Grinder (D:5)
  An ice beast (D:6)
  10 orc warriors (Bailey)
  An ogre (D:5)
  3 phantoms
  2 kobold brigands (D:6)
  A bullfrog (D:7)
  A scorpion (D:5)
  A wight (D:7)
  4 electric eels (Bailey)
  2 jellies
  4 hounds
  A gnoll bouda (D:5)
  3 orc priests
  5 iguanas
  4 orc wizards
  Terence (D:2)
  8 gnolls
  6 adders
  A worm (D:3)
  2 dart slugs
  27 orcs
  9 ball pythons
  10 endoplasms
  3 giant cockroaches (D:1)
  13 goblins
  16 hobgoblins
  8 jackals
  20 kobolds
  5 quokkas
  3 bats
  4 frilled lizards
  3 rats
184 creatures vanquished.

Vanquished Creatures (collateral kills)
  2 foxfires (Bailey)
2 creatures vanquished.

Vanquished Creatures (others)
  670 foxfires
670 creatures vanquished.

Grand Total: 856 creatures vanquished

Notes
Turn   | Place    | Note
-------+----------+-------------------------------------------
     0 | D:1      | kingofthe the Octopode Fire Elementalist began the quest
                  | for the Orb.
     0 | D:1      | Reached XP level 1. HP: 11/11 MP: 3/3
    99 | D:1      | Reached XP level 2. HP: 17/17 MP: 0/5
   159 | D:1      | You fall into a shaft and drop 1 floor!
   548 | D:2      | Noticed Terence
   558 | D:2      | Killed Terence
   559 | D:2      | Reached skill level 3 in Stealth
   559 | D:2      | Reached XP level 3. HP: 2/21 MP: 0/6
   945 | D:1      | Learned a level 2 spell: Scorch
  1274 | D:1      | Reached XP level 4. HP: 27/27 MP: 8/8
  1277 | D:1      | Learned a level 1 spell: Shock
  1337 | D:1      | Found a faded altar of an unknown god.
  2803 | D:3      | Reached skill level 1 in Air Magic
  2987 | D:3      | Reached XP level 5. HP: 30/31 MP: 5/9
  3345 | D:3      | Found an ornate altar of the Wu Jian Council.
  3347 | D:3      | Found a radiant altar of Vehumet.
  3781 | D:4      | Found a transporter.
  4041 | D:4      | Found a bloodstained altar of Trog.
  4041 | D:4      | Found a shimmering altar of Xom.
  4063 | D:4      | Reached skill level 4 in Stealth
  4257 | D:4      | Found a transporter.
  4391 | D:4      | Reached XP level 6. HP: 36/36 MP: 10/10
  4666 | D:4      | Found a staircase to the Ecumenical Temple.
  4673 | Temple   | Entered the Ecumenical Temple
  4745 | Temple   | Became a worshipper of Sif Muna the Loreminder
  4943 | D:5      | Entered Level 5 of the Dungeon
  5264 | D:5      | Reached XP level 7. HP: 34/41 MP: 9/12
  5676 | D:5      | Reached skill level 5 in Stealth
  5884 | D:5      | Noticed Grinder
  5949 | D:5      | Reached XP level 8. HP: 46/46 MP: 10/13
  6426 | D:6      | Reached * piety under Sif Muna
  6483 | D:6      | Identified the ring of Qyung {rPois Will- Int-2 Dex+9 SInv}
  6805 | D:6      | Reached skill level 5 in Dodging
  6940 | D:6      | Learned a level 1 spell: Slow
  7120 | D:6      | Identified the +1 plate armour of Gahunaet {Rampage MP+9
                  | Slay+5}
  7274 | D:5      | Paralysed by Grinder for 3 turns
  7282 | D:5      | Paralysed by Grinder for 4 turns
  7288 | D:5      | Killed Grinder
  7289 | D:5      | Reached skill level 1 in Hexes
  7422 | D:6      | Reached skill level 6 in Stealth
  7858 | D:7      | Reached XP level 9. HP: 50/51 MP: 15/15
  7877 | D:7      | Found a flagged portal.
  7918 | Bailey   | Entered a bailey
  7958 | Bailey   | Reached skill level 5 in Fire Magic
  8040 | Bailey   | Learned a level 3 spell: Swiftness
  8639 | Bailey   | Acquired a staff of conjuration
  8690 | Bailey   | Reached ** piety under Sif Muna
  8739 | Bailey   | Noticed an orc knight
  8772 | Bailey   | Killed an orc knight
  8773 | Bailey   | Reached skill level 7 in Stealth
  8773 | Bailey   | Reached skill level 5 in Air Magic
  9284 | Bailey   | Found an iron altar of Okawaru.
  9284 | Bailey   | Noticed an orc high priest
  9284 | Bailey   | Noticed an orc high priest
  9313 | Bailey   | Noticed a sun demon
  9331 | Bailey   | Demolished by a sun demon

Illustrated notes

Levels and vault maps discovered:
D:1:      nzn_arrival_crosshair, layout_rooms,
          hellmonk_ecumenical_altar_pennies_from_heaven, minmay_fountain_box,
          minivault_24
D:2:      minmay_inner_zag, layout_loops_corners, uniq_terence
D:3:      layout_loops_ring, nicolae_overflow_hidden_temple,
          minmay_misc_feat_alley
D:4:      gammafunk_steamed_eel, layout_gridville,
          gammafunk_temple_overflow_elements, minmay_temple_entry_purple_smoke,
          serial_bayou_lagoon_a
D:5:      layout_rooms, st_stairs_7, uniq_grinder
D:6:      layout_loops_ring
D:7:      layout_basic, enter_bailey_4, dreamdust_mushroom_princess, uniq_joseph
Temple:   regret_index_temple_chain_breaker
Bailey:   bailey_axe_of_yendor_kennysheep, bailey

Skill      XL: |  1  2  3  4  5  6  7  8  9 |
---------------+----------------------------+-----
Stealth        | 3 4 5 6 7 |  7.2
Air Magic      | 1 2 3 4 5 |  5.2
Spellcasting   | 3 4 |  4.9
Dodging        | 3 4 5 6 |  6.9
Conjurations   | 2 3 4 |  4.6
Fire Magic     | 4 5 |  5.6
Hexes          | 2 4 |  4.3

Action                     |  1- 3 |  4- 6 |  7- 9 || total
---------------------------+-------+-------+-------++-------
  Melee: Unarmed           |    19 |     1 |       ||    20
         Constrict         |     7 |     1 |       ||     8
         Tentacles         |     5 |     1 |       ||     6
         Dagger            |       |     1 |     3 ||     4
   Cast: Foxfire           |    47 |    94 |   244 ||   385
         Scorch            |     2 |    42 |    55 ||    99
         Shock             |       |    26 |    14 ||    40
         Slow              |       |       |     4 ||     4
    Use: Scroll            |       |       |     3 ||     3
 Armour: Skin              |     2 |       |     2 ||     4
  Dodge: Dodged            |    26 |    36 |    19 ||    81
  Block: Other             |       |       |     3 ||     3

Table legend: (Time is in decaauts)
 A = Elapsed time spent in this place.
 B = Non-inter-level travel time spent in this place.
 C = Inter-level travel time spent in this place.
 D = Time resting spent in this place.
 E = Time spent auto-exploring this place.
 F = Levels seen in this place.
 G = Mean time per level.
                   A        B        C        D        E       F      G
               +--------+--------+--------+--------+--------+-----+--------+
         Total |   9332 |   8653 |    679 |   1968 |   4980 |   9 | 1036.9 |
       Dungeon |   7768 |   7104 |    664 |   1274 |   4786 |   7 | 1109.7 |
        Temple |    151 |    136 |     15 |      0 |    116 |   1 |  151.0 |
        Bailey |   1412 |   1412 |      0 |    694 |     78 |   1 | 1412.0 |
               +--------+--------+--------+--------+--------+-----+--------+

Top non-repeatable levels by time:
     D:2: 1513 daAuts
  Bailey: 1412 daAuts
     D:5: 1368 daAuts
     D:4: 1263 daAuts
     D:6: 1199 daAuts
     D:3: 1113 daAuts
     D:1: 1040 daAuts
     D:7: 270 daAuts
  Temple: 151 daAuts
